Map: Augustine Fall LE

Players

Steadfast - Winner!

  • Race: Zerg Zerg

Zid - Winner!

  • Race: Zerg Zerg
  • League: Platinum

iBM - Winner!

  • Race: Zerg Zerg
  • League: Diamond

AlexrtYo

  • Race: Zerg Zerg

Pido

  • Race: Protoss Protoss

Krabs

  • Race: Protoss Protoss

VOD

Have the link to the VOD?

Description

Time

  • Played on: Aug. 15, 2021, 10:38 a.m.
  • Length: 4:42
Show
View Real Time Build Order
Export as new Build Order

Steadfast Zerg - Winner!

Build Orders: Hatch First 

Get SALT Encoding   

  12  0:03  Drone  
  13  0:15  Overlord  
  13  0:28  Overlord  
  13  0:29  Drone  
  13  0:33  Drone  
  15  0:43  Drone  
  16  0:57  Extractor  
  16  1:03  Drone  
  16  1:06  Drone  
  16  1:08  Hatchery  
  16  1:28  Spawning Pool  
  16  1:30  Drone x2  
  17  1:42  Drone  
  19  1:47  Drone  
  19  2:15  Metabolic Boost  
  19  2:20  Zergling x8  
  19  2:21  Queen  
  19  2:22  Queen  
  27  2:34  Zergling x4  
  29  2:42  Zergling x2  
  30  2:52  Zergling x4  
  30  2:56  Zergling x2  
  33  3:11  Baneling Nest  
  32  3:18  Overlord x2  
  32  3:20  Drone  
  32  3:22  Drone  
  34  3:33  Zergling x4  
  36  4:01  Zergling x16  
  44  4:11  Zergling x2  
  44  4:12  Zergling x2  
Show
View Real Time Build Order
Export as new Build Order

Zid Zerg - Winner!

Build Orders: Hatch First 

Get SALT Encoding   

  12  0:00  Drone  
  13  0:13  Overlord  
  13  0:18  Drone  
  14  0:33  Drone x2  
  16  0:49  Hatchery  
  15  0:52  Drone  
  16  0:59  Extractor  
  16  1:04  Drone x2  
  17  1:12  Drone  
  17  1:18  Drone  
  19  1:25  Spawning Pool  
  18  1:29  Drone  
  19  1:44  Overlord  
  19  1:55  Drone  
  20  2:03  Drone  
  20  2:04  Drone  
  22  2:11  Metabolic Boost  
  22  2:13  Queen x2  
  22  2:15  Drone  
  27  2:24  Drone x2  
  27  2:25  Drone  
  30  2:33  Overlord  
  30  2:41  Overlord  
  30  2:44  Zergling x2  
  31  2:52  Zergling x2  
  31  2:58  Zergling x2  
  33  2:59  Zergling x2  
  34  3:08  Zergling x4  
  36  3:16  Zergling x2  
  36  3:17  Lair  
  37  3:24  Zergling x2  
  38  3:28  Zergling x4  
  38  3:29  Zergling x8  
  44  3:49  Overlord  
  44  3:50  Overlord  
  33  4:24  Zergling x6  
  33  4:25  Zergling x4  
Show
View Real Time Build Order
Export as new Build Order

iBM Zerg - Winner!

Build Orders: Hatch First 

Get SALT Encoding   

  12  0:01  Drone  
  13  0:08  Drone  
  14  0:35  Hatchery  
  13  0:39  Drone, Extractor  
  13  0:46  Drone  
  13  0:47  Extractor  
  14  1:06  Drone, Spawning Pool  
  14  1:16  Overlord  
  14  1:34  Drone x3  
  17  1:52  Metabolic Boost  
  17  1:53  Zergling x2  
  17  1:54  Zergling x2  
  19  1:56  Zergling x2  
  19  1:57  Zergling x2  
  21  2:07  Zergling x2  
  22  2:09  Zergling x2  
  22  2:13  Baneling Nest  
  22  2:20  Zergling x2  
  23  2:26  Zergling x2  
  24  2:30  Zergling x2  
  24  2:31  Zergling x2  
  26  2:38  Overlord  
  26  2:46  Zergling x2  
  26  2:50  Zergling x2  
  28  2:53  Overlord  
  27  3:06  Baneling x7  
  27  3:09  Zergling x2  
  28  3:13  Zergling x2  
  28  3:17  Zergling x2  
  27  3:29  Zergling x6  
  27  3:34  Zergling x2  
  27  3:38  Zergling x2  
  28  3:43  Zergling x2  
  28  3:45  Zergling x2  
  28  3:55  Zergling x2  
  29  3:56  Zergling x2  
  30  4:07  Zergling x2  
  30  4:09  Zergling x2  
  32  4:17  Zergling x4  
Show
View Real Time Build Order
Export as new Build Order

AlexrtYo Zerg 

Build Orders: Hatch First 

Get SALT Encoding   

  12  0:00  Drone  
  13  0:13  Drone  
  14  0:18  Drone, Extractor  
  15  0:39  Hatchery  
  14  0:57  Spawning Pool  
  13  0:58  Drone  
  13  1:01  Extractor  
  13  1:07  Overlord  
  13  1:12  Drone  
  13  1:16  Extractor  
  13  1:19  Drone  
  15  1:28  Drone  
  15  1:30  Drone  
  17  1:51  Queen  
  17  1:52  Queen  
  17  1:54  Drone  
  22  2:05  Metabolic Boost  
  22  2:06  Drone  
  23  2:15  Drone  
  23  2:16  Drone x2  
  23  2:18  Drone  
  27  2:27  Overlord  
  27  2:35  Drone  
  28  2:42  Overlord  
  28  2:45  Queen  
  28  2:47  Drone x2  
  28  2:50  Drone  
  33  3:06  Overlord  
  33  3:08  Drone x7  
  40  3:13  Spore Crawler  
  39  3:27  Evolution Chamber  
  39  3:28  Zergling x2  
  39  3:29  Zergling x4  
  39  3:31  Zergling x2  
  36  3:49  Zergling x12  
  36  3:52  Queen  
  42  4:02  Zergling x4  
  36  4:10  Zergling x2  
  36  4:14  Zergling x2  
  36  4:15  Zergling x2  
Show
View Real Time Build Order
Export as new Build Order

Pido Protoss 

Build Orders: 1 Gate Expand 

Get SALT Encoding   

  12  0:00  Probe  
  13  0:12  Probe  
  14  0:22  Pylon  
  14  0:24  Probe  
  15  0:40  Probe (Chrono Boost)  
  15  0:41  Gateway  
  17  0:51  Probe (Chrono Boost)  
  17  0:56  Probe (Chrono Boost)  
  17  0:57  Assimilator  
  18  1:06  Probe  
  19  1:32  Nexus, Cybernetics Core  
  19  1:35  Probe  
  20  1:48  Probe, Pylon  
  21  2:00  Probe  
  22  2:12  Probe  
  22  2:13  Shield Battery  
  23  2:15  Stalker  
  23  2:22  Assimilator  
  25  2:24  Probe  
  26  2:36  Probe  
  27  2:45  Stalker  
  27  2:48  Probe  
  30  3:15  Probe  
  30  3:16  Assimilator  
  31  3:22  Stargate  
  31  3:24  Pylon  
  29  3:43  Shield Battery  
  29  3:44  Shield Battery  
  28  3:59  Cybernetics Core  
  31  4:11  Pylon  
Show
View Real Time Build Order
Export as new Build Order

Krabs Protoss 

Build Orders:  

Get SALT Encoding   

  12  0:02  Probe  
  14  0:14  Probe  
  14  0:17  Pylon  
  14  0:26  Probe  
  15  0:38  Gateway, Probe  
  16  0:50  Forge  
  16  0:54  Probe (Chrono Boost)  
  17  0:59  Assimilator  
  17  1:06  Probe (Chrono Boost)  
  18  1:13  Probe (Chrono Boost)  
  18  1:15  Pylon  
  19  1:24  Zealot (Chrono Boost)  
  21  1:36  Photon Cannon  
  22  1:40  Probe  
  22  1:45  Cybernetics Core  
  22  1:51  Assimilator  
  22  2:00  Probe  
  23  2:17  Probe  
  24  2:26  Warp Gate (Chrono Boost)  
  24  2:31  Shield Battery  
  24  2:33  Nexus  
  24  2:44  Photon Cannon  
  24  3:05  Stalker  
  26  3:11  Pylon  
  26  3:20  Stargate  
  26  3:24  Pylon  
  26  3:49  Gateway  
  26  3:50  Gateway  
  26  4:17  Gateway  
  26  4:18  Stalker, Pylon  
Tags
 
Add a new tag
Caveats
  • Supply blocks, unpowered buildings, or Contaminate may cause inaccurate times.
  • Supply counts are checked every 10 seconds.